 Dungeon Crawl Stone Soup version 0.29-a0-384-g6960b1960d (webtiles) character file.

Game seed: 11330182944930973908

17 Hubjo the Firebug (level 2, 0/16 HPs)
             Began as a Deep Elf Fire Elementalist on May 6, 2022.
             Was an Initiate of Trog (penitent).
             Slain by a rat (1 damage)
             ... on level 1 of the Dungeon.
             The game lasted 00:00:58 (805 turns).

Hubjo the Firebug (Deep Elf Fire Elementalist)       Turns: 805, Time: 00:00:58

Health: 0/16       AC:  2    Str:  5    XL:     2   Next: 44%
Magic:  8/8        EV: 12    Int: 19    God:    Trog [......]
Gold:   41         SH:  0    Dex: 15    Spells: 6/7 levels left

rFire   . . .      SeeInvis .   (no weapon)
rCold   . . .      Faith    .   (no shield)
rNeg    . . .      Spirit   .   a - +0 robe
rPois   .          Reflect  .   (no helmet)
rElec   .          Harm     .   (no cloak)
rCorr   .          Rampage  .   (no gloves)
Will    .....                   (no boots)
Stlth   ++........              (no amulet)
HPRegen 0.05/turn               (no ring)
MPRegen 0.11/turn               (no ring)

@: no status effects
A: no striking features
a: Renounce Religion


You were on level 1 of the Dungeon.
You worshipped Trog.
Trog was demanding penance.
You visited 1 branch of the dungeon, and saw 1 of its levels.

You collected 41 gold pieces.

Inventory:

Armour
 a - a +0 robe (worn)
Potions
 b - 2 potions of magic


   Skills:
 * Level 1.1 Fighting
 - Level 2.4 Dodging
 + Level 2.8 Stealth
 - Level 3.2 Spellcasting
 - Level 1.1 Conjurations
 - Level 3.4 Fire Magic


You had 6 spell levels left.
You knew the following spells:

 Your Spells              Type           Power      Damage    Failure   Level
a - Foxfire               Conj/Fire      44%        2x1d6     6%          1

Your spell library contained the following spells:

 Spells                   Type           Power      Damage    Failure   Level
 Scorch                   Fire           32%        2d7       5%          2
 Conjure Flame            Conj/Fire      11%        6-21      17%         3
 Inner Flame              Hex/Fire       9%         N/A       22%         3
 Flame Wave               Conj/Fire      11%        2d5       50%         4


Dungeon Overview and Level Annotations

Branches:
Dungeon (1/15)

Altars:
Trog


Message History

The bat barely misses you.
A rat comes into view.
Found a stone staircase leading down.
The bat hits you. The bat hits you but does no damage.
The bat closely misses you. The bat hits you but does no damage.
The bat barely misses you. The bat hits you but does no damage.
The bat closely misses you. The bat hits you but does no damage.
The bat hits you but does no damage. The bat closely misses you.
The rat completely misses you. The rat bites you but does no damage.
The bat barely misses you. The bat hits you but does no damage.
The bat misses you. The rat bites you. The bat closely misses you.
The rat bites you. The rat barely misses you. The bat closely misses you.
The bat hits you. The rat barely misses you. The rat barely misses you.
The bat misses you.
The bat hits you but does no damage. x2; The rat closely misses you.
The bat hits you but does no damage. The bat barely misses you.
The rat barely misses you. The bat barely misses you.
The rat barely misses you. The rat misses you. The bat barely misses you.
The bat hits you but does no damage. The rat bites you.
The bat hits you but does no damage. The bat hits you. The rat bites you.
The rat bites you but does no damage. The bat hits you but does no damage.
The bat barely misses you. The rat misses you. The bat closely misses you.
The rat bites you. The rat bites you. The bat hits you but does no damage.
The bat closely misses you. The rat bites you.
The bat hits you but does no damage. The rat misses you. The bat hits you.
* * * LOW HITPOINT WARNING * * *
The rat bites you.
* * * LOW HITPOINT WARNING * * *
The bat hits you.
* * * LOW HITPOINT WARNING * * *
The rat bites you.
You die...

.. #..#.##.#....#.#
#. #ยง(..#.....#.#..
#.####^###.....#.###
#..#.#.#.#.........#
#.#......##.......#
#..[#.#..##.#####.#
##.......##.# #...
#.##.#.....# ##.#
#@...#.##### #..
#...rb#...# #.#
####..#.### ###
#..... ......
..##... . #.... #.
.>###


You could see a bat and a rat.

Vanquished Creatures
  A ball python (D:1)
  A bat (D:1)
  3 endoplasms (D:1)
  A giant cockroach (D:1)
  2 goblins (D:1)
  4 kobolds (D:1)
  A quokka (D:1)
  A rat (D:1)
14 creatures vanquished.

Vanquished Creatures (others)
  66 foxfires (D:1)
66 creatures vanquished.

Grand Total: 80 creatures vanquished

Notes
Turn   | Place    | Note
-------+----------+-------------------------------------------
     0 | D:1      | Hubjo the Deep Elf Fire Elementalist began the quest for
                  | the Orb.
     0 | D:1      | Reached XP level 1. HP: 10/10 MP: 6/6
   279 | D:1      | Reached XP level 2. HP: 16/16 MP: 4/8
   414 | D:1      | Found a faded altar of an unknown god.
   428 | D:1      | Prayed at the altar of an unknown god.
   428 | D:1      | Became a worshipper of Trog the Wrathful
   428 | D:1      | Reached * piety under Trog
   445 | D:1      | Was placed under penance by Trog
   447 | D:1      | Reached skill level 1 in Fighting
   805 | D:1      | Slain by a rat

Illustrated notes

Levels and vault maps discovered:
D:1:      psy_arrival_radial01, layout_basic, ebering_ecumenical_altar_abandoned

Skill      XL: |  1  2 |
---------------+-------+-----
Fighting       | 1 |  1.1
Dodging        | |  2.4
Stealth        | |  2.8
Spellcasting   | |  3.2
Conjurations   | |  1.1
Fire Magic     | |  3.4

Action                   || total
-------------------------++-------
Melee: Unarmed           ||    21
 Cast: Foxfire           ||    37
Invok: Berserk           ||     1
Armor: Robe              ||    23
Dodge: Dodged            ||    46

Table legend: (Time is in decaauts)
 A = Elapsed time spent in this place.
 B = Non-inter-level travel time spent in this place.
 C = Inter-level travel time spent in this place.
 D = Time resting spent in this place.
 E = Time spent auto-exploring this place.
 F = Levels seen in this place.
 G = Mean time per level.
                   A        B        C        D        E       F      G
               +--------+--------+--------+--------+--------+-----+--------+
         Total |    818 |    818 |      0 |      0 |    663 |   1 |  818.0 |
       Dungeon |    818 |    818 |      0 |      0 |    663 |   1 |  818.0 |
               +--------+--------+--------+--------+--------+-----+--------+

Top non-repeatable levels by time:
     D:1: 818 daAuts
